 Dungeon Crawl Stone Soup version 0.28.0 (webtiles) character file.

Game seed: 12398425941697472282

4918 croobank the Blocker (level 10, -18/82 HPs)
             Began as a Formicid Fighter on Feb 13, 2022.
             Was an Initiate of Hepliaklqana.
             Demolished by a two-headed ogre (21 damage)
             ... on level 10 of the Dungeon.
             The game lasted 00:45:36 (10051 turns).

croobank the Blocker (Formicid Fighter)            Turns: 10051, Time: 00:45:36

Health: -18/82     AC:  8    Str: 21    XL:     10   Next: 80%
Magic:  10/10      EV: 13    Int:  8    God:    Hepliaklqana [......]
Gold:   483        SH:  7    Dex: 12    Spells: 9/9 levels left

rFire   + + .      SeeInvis +   v - +1 quarterstaff
rCold   . . .      Faith    .   c - +1 buckler
rNeg    . . .      Spirit   .   i - +0 scale mail
rPois   +          Reflect  .   (helmet unavailable)
rElec   +          Harm     .   y - -3 cloak of Insurance {*Corrode rElec rF++ Regen+}
rCorr   .          Rampage  .   k - +2 pair of gloves
Will    +....      Clarity  +   (no boots)
Stlth   ..........              (no amulet)
HPRegen 1.03/turn               q - ring of poison resistance
MPRegen 0.12/turn               d - +4 ring of evasion

@: corroded, studying Maces & Flails
A: permanent stasis, dig shafts and tunnels, antennae 3, four strong arms,
iridescent scales 1, clarity, weak 1
a: Dig, Shaft Self, Renounce Religion


You were on level 10 of the Dungeon.
You worshipped Hepliaklqana.
Hepliaklqana was noncommittal.
You visited 1 branch of the dungeon, and saw 10 of its levels.
You also visited: Ossuary and Bailey.

You collected 653 gold pieces.
You spent 170 gold pieces at shops.

Inventory:

Hand Weapons
 a - the +7 spear of the Fray {drain, Int+3 SInv}
   (You found it on level 5 of the Dungeon)

   A truly terrible weapon, it drains the life of any living foe it strikes.
   Int:       It affects your intelligence (+3).
   SInv:      It lets you see invisible.
 b - a +0 hunting sling
 p - a +1 dagger of electrocution
 v - a +1 quarterstaff (weapon)
 x - a +2 dagger of speed
 O - a +2 dagger of pain
 R - a +0 battleaxe
Missiles
 f - 259 arrows
 j - 190 stones
 o - 9 boomerangs
 r - 16 poisoned darts
 s - 40 bolts
 B - 47 sling bullets
 M - a throwing net
Armour
 c - a +1 buckler (worn)
 i - a +0 scale mail (worn)
 k - a +2 pair of gloves (worn)
 m - a +0 leather armour of fire resistance
 y - the -3 cloak of Insurance (worn) {*Corrode rElec rF++ Regen+}
   (You found it on level 8 of the Dungeon)

   rF:        It greatly protects you from fire.
   rElec:     It insulates you from electricity.
   Regen:     It increases your rate of health regeneration.
   *Corrode:  It may corrode you when you take damage.
 G - a scarf of repulsion
Magical Staves
 F - a staff of cold
Jewellery
 d - a +4 ring of evasion (right hand)
 g - a ring of positive energy
 q - a ring of poison resistance (left hand)
 A - a ring of protection from fire
 D - a ring of protection from cold
Wands
 e - a wand of flame (41)
 h - a wand of paralysis (12) (quivered)
 w - a wand of acid (10)
 N - a wand of polymorph (7)
 P - a wand of mindburst (4)
 S - a wand of charming (2)
Scrolls
 u - a scroll of silence
 E - 2 scrolls of immolation
 H - a scroll of torment
 Q - a scroll of amnesia
Potions
 l - 3 potions of brilliance
 n - 5 potions of flight
 z - a potion of lignification
 C - a potion of magic {unknown}
 I - a potion of attraction {unknown}
 J - a potion of cancellation {unknown}
 K - a potion of berserk rage
 L - 4 potions of curing


   Skills:
 + Level 8.4 Fighting
 * Level 7.5(8.2) Polearms
 - Level 4.9(6.9) Staves
 + Level 8.5 Armour
 + Level 9.3 Shields
 + Level 0.8 Invocations


You had 9 spell levels left.
You didn't know any spells.
Your spell library contained the following spells:

 Spells                   Type           Power      Damage    Failure   Level
 Ensorcelled Hibernation  Hex/Ice        0%         N/A       88%         2
 Passwall                 Tmut/Erth      0%         N/A       88%         2
 Static Discharge         Conj/Air       0%         N/A       88%         2
 Dispel Undead            Necr           0%         3d6       100%        4
 Fulminant Prism          Conj/Hex       0%         3d6       100%        4
 Iskenderun's Mystic Bla  Conj/Tloc      0%         2d3       100%        4
 Olgreb's Toxic Radiance  Pois           0%         N/A       100%        4
 Sticky Flame             Conj/Fire      0%         2d3       100%        4
 Lee's Rapid Deconstruct  Erth           0%         3d5*      100%        5
 Ozocubu's Refrigeration  Ice            0%         4d5       100%        7
 Ignition                 Fire           0%         3d3       100%        8
 Swiftness                Air            Unusable   N/A       N/A         3

Dungeon Overview and Level Annotations

Branches:
Dungeon (10/15)            Temple (0/1) D:7            Lair (0/6) D:10
Ossuary (visited)          Bailey (visited)
    Orc: D:9-12

Altars:
Dithmenos
Fedhas
Gozag
Hepliaklqana
Kikubaaqudgha
Ru
Vehumet
Yredelemnul
Zin
The Shining One

Shops:
D:4 !?!(   D:8 :


Innate Abilities, Weirdness & Mutations

You cannot be hasted, slowed, berserked, paralysed or teleported.
You can dig through walls and to a lower floor.
You have a pair of large antennae on your head. (SInv)
Your four strong arms can wield two-handed weapons with a shield.
You are partially covered in iridescent scales. (AC +2)
You possess an exceptional clarity of mind.
You are weak. (Str -2)


Message History

The two-headed ogre is heavily wounded.
The two-headed ogre completely misses you.
The two-headed ogre hits you with a +0 giant spiked club!!
You hit the two-headed ogre.
The two-headed ogre is heavily wounded.
The two-headed ogre hits you with a +0 giant spiked club! x2
* * * LOW HITPOINT WARNING * * *
You hit the two-headed ogre.
The two-headed ogre is severely wounded.
You hit the two-headed ogre.
The two-headed ogre is severely wounded.
The two-headed ogre hits you with a +0 giant spiked club.
* * * LOW HITPOINT WARNING * * *
The two-headed ogre closely misses you.
You hit the two-headed ogre but do no damage.
The two-headed ogre is severely wounded.
The two-headed ogre hits you with a +0 giant spiked club!
* * * LOW HITPOINT WARNING * * *
The two-headed ogre hits you with a +0 giant spiked club.
* * * LOW HITPOINT WARNING * * *
Your corrosive artefact corrodes you!
You feel much better.
The two-headed ogre hits you with a +0 giant spiked club!
* * * LOW HITPOINT WARNING * * *
The two-headed ogre barely misses you.
You feel much better.
You hit the two-headed ogre but do no damage.
The two-headed ogre is severely wounded.
The two-headed ogre misses you. The two-headed ogre barely misses you.
You barely miss the two-headed ogre.
The two-headed ogre is severely wounded.
The two-headed ogre completely misses you.
The two-headed ogre hits you with a +0 giant spiked club!!
* * * LOW HITPOINT WARNING * * *
You hit the two-headed ogre but do no damage.
The two-headed ogre is severely wounded.
The two-headed ogre hits you with a +0 giant spiked club!!
* * * LOW HITPOINT WARNING * * *
The two-headed ogre hits you with a +0 giant spiked club!!
You die...

#######..###################..
..............................
.......)........o.............
......#################...####
...... #...# ...... #...#
..... #.o.#### ....
#################....... .
.......@Ooooo.........(.
.....##################. ###


You could see a two-headed ogre, an orc warrior and 3 orcs.

Vanquished Creatures
  A two-headed ogre (D:8)
  A troll (D:7)
  A shadow (D:9)
  2 wyverns
  Menkaure (Ossuary)
  A vampire mosquito (D:7)
  A water moccasin (D:7)
  A sky beast (D:7)
  3 orc warriors
  2 ice beasts (D:7)
  2 black bears (D:5)
  A necrophage (D:7)
  An ogre (D:4)
  3 centaurs
  2 phantoms
  A kobold brigand (D:6)
  2 elf skeletons (D:8)
  A bullfrog (D:9)
  A scorpion (D:3)
  6 killer bees (D:9)
  2 centaur zombies
  A bullfrog skeleton (D:5)
  4 hounds
  2 jellies
  5 orc priests
  3 gnoll shamans
  3 human skeletons (D:8)
  12 iguanas
  Ijyb (D:4)
  3 orc wizards
  2 killer bee zombies
  A hound skeleton (D:4)
  3 mummies (Ossuary)
  2 howler monkey skeletons
  3 adders
  14 gnolls
  A white imp (D:7)
  A worm (D:3)
  2 dart slugs
  27 orcs
  9 endoplasms
  3 giant cockroaches
  4 gnoll zombies (Ossuary)
  15 goblins
  4 hobgoblins
  7 jackals
  14 kobolds
  3 quokkas
  8 ball pythons
  8 bats
  3 frilled lizards
  2 gnoll skeletons (Ossuary)
  4 goblin skeletons (Ossuary)
  3 goblin zombies (Ossuary)
  5 hobgoblin skeletons (Ossuary)
  6 hobgoblin zombies (Ossuary)
  3 kobold skeletons (Ossuary)
  3 kobold zombies (Ossuary)
  6 orc skeletons
  5 orc zombies (Ossuary)
  A quokka skeleton (D:4)
  5 rats
  6 rat skeletons (Ossuary)
  4 rat zombies (Ossuary)
257 creatures vanquished.

Vanquished Creatures (others)
  19 plants (D:6)
  3 toadstools (D:6)
22 creatures vanquished.

Grand Total: 279 creatures vanquished

Notes
Turn   | Place    | Note
-------+----------+-------------------------------------------
     0 | D:1      | croobank the Formicid Fighter began the quest for the Orb.
     0 | D:1      | Reached XP level 1. HP: 18/18 MP: 1/1
    57 | D:1      | Reached XP level 2. HP: 22/24 MP: 2/2
   601 | D:1      | Reached skill level 4 in Shields
   677 | D:1      | Reached XP level 3. HP: 29/29 MP: 3/3
  1139 | D:2      | Reached XP level 4. HP: 16/37 MP: 4/4
  1443 | D:2      | Found a faded altar of an unknown god.
  2069 | D:3      | Found a radiant altar of Vehumet.
  2105 | D:3      | Reached XP level 5. HP: 37/42 MP: 5/5
  2647 | D:3      | Reached XP level 6. HP: 49/49 MP: 6/6
  2663 | D:3      | You fall into a shaft and drop 2 floors!
  2663 | D:5      | Entered Level 5 of the Dungeon
  2704 | D:5      | Reached skill level 5 in Shields
  2835 | D:4      | Noticed an ogre
  2951 | D:5      | Reached XP level 7. HP: 29/55 MP: 7/7
  3135 | D:5      | Reached skill level 5 in Fighting
  3135 | D:5      | Reached skill level 5 in Armour
  3791 | D:4      | Reached skill level 6 in Shields
  4029 | D:4      | Reached XP level 8. HP: 61/63 MP: 8/8
  4272 | D:4      | Noticed Ijyb
  4560 | D:4      | Killed Ijyb
  4572 | D:4      | Found Meom's Distillery.
  4573 | D:4      | Found Tutz's Antique Weapon Shoppe.
  4573 | D:4      | Found Koeseph's Distillery.
  4574 | D:4      | Found Getus's Magic Scroll Shoppe.
  4583 | D:4      | Bought a scroll of identify for 22 gold pieces
  4583 | D:4      | Bought a scroll of identify for 22 gold pieces
  4659 | D:4      | Bought a scroll of identify for 22 gold pieces
  4659 | D:4      | Bought a scroll of enchant armour for 82 gold pieces
  4659 | D:4      | Bought a scroll of identify for 22 gold pieces
  4775 | D:4      | Found a glowing golden altar of the Shining One.
  4836 | D:4      | Noticed an angel
  4869 | D:4      | Found a basalt altar of Yredelemnul.
  4872 | D:4      | Noticed a profane servitor
  4948 | D:5      | Identified the +7 spear of the Fray {drain, Int+3 SInv}
  5093 | D:5      | Reached skill level 1 in Polearms
  5436 | D:6      | Found a glowing silver altar of Zin.
  5457 | D:6      | Reached skill level 7 in Shields
  5686 | D:6      | Found an ancient bone altar of Kikubaaqudgha.
  5948 | D:6      | Reached XP level 9. HP: 59/71 MP: 9/9
  6355 | D:7      | Found a shadowy altar of Dithmenos.
  6413 | D:7      | Found a staircase to the Ecumenical Temple.
  6531 | D:7      | Found a blossoming altar of Fedhas.
  6650 | D:7      | Noticed a troll
  6656 | D:7      | Gained mutation: You are weak. (Str -2) [potion of
                  | mutation]
  6656 | D:7      | Gained mutation: You possess an exceptional clarity of
                  | mind. [potion of mutation]
  6656 | D:7      | Gained mutation: You are partially covered in iridescent
                  | scales. (AC +2) [potion of mutation]
  6666 | D:7      | Killed a troll
  7223 | D:7      | Reached skill level 8 in Shields
  7388 | D:7      | Reached skill level 5 in Polearms
  7781 | D:8      | Found a sand-covered staircase.
  7794 | Ossuary  | Entered an ossuary
  8111 | Ossuary  | Noticed Menkaure
  8126 | Ossuary  | Killed Menkaure
  8127 | Ossuary  | Reached XP level 10. HP: 17/79 MP: 10/10
  8534 | D:8      | Identified the -3 cloak of Insurance {*Corrode rElec rF++
                  | Regen+}
  8718 | D:8      | Found Zeveem's Book Shoppe.
  8754 | D:8      | Noticed a two-headed ogre
  8763 | D:8      | Killed a two-headed ogre
  9174 | D:9      | Reached skill level 9 in Shields
  9276 | D:9      | Found a flagged portal.
  9311 | Bailey   | Entered a bailey
  9704 | D:9      | Found an opulent altar of Gozag.
  9707 | D:9      | Found a hazy altar of Hepliaklqana.
  9710 | D:9      | Became a worshipper of Hepliaklqana the Forgotten
  9712 | D:9      | Found a sacrificial altar of Ru.
  9951 | D:10     | Entered Level 10 of the Dungeon
  9952 | D:10     | Found a staircase to the Lair.
  9996 | D:10     | Noticed a two-headed ogre
 10051 | D:10     | HP: 3/82 [two-headed ogre (21)]
 10051 | D:10     | Demolished by a two-headed ogre

Illustrated notes

Levels and vault maps discovered:
D:1:      dpeg_arrival_shelter, layout_loops_ring, minmay_misc_feat_square,
          amcnicky_mini_pool_small, minmay_misc_feat_ornament
D:2:      layout_rooms, serial_forest, infiniplex_forest_lined_4_way,
          infiniplex_forest_lined_room_, infiniplex_forest_clump_curved,
          infiniplex_forest_clump_tiny, infiniplex_forest_lined_room_2,
          infiniplex_forest_clump_curved, infiniplex_forest_corner_1,
          infiniplex_forest_lined_3, infiniplex_forest_side_room,
          infiniplex_forest_clump_medium,
          shapermc_ecumenical_altar_starsandcircs, minmay_quantized
D:3:      layout_basic, nicolae_vehumet_radiance
D:4:      kb_forest_paths, layout_basic, grunt_temple_overflow_holy_war,
          nicolae_wooded_promenade, chequers_serial_rivers_marsh, uniq_ijyb
D:5:      layout_basic, minmay_misc_feat_five
D:6:      layout_basic, lemuel_tele_altar, general_overflow_altar,
          serial_bayou_pond_c, minmay_misc_feat_plants, minmay_liquid_box,
          minmay_gold_behind_fungi, minmay_stone_trees_small
D:7:      layout_basic, mainiacjoe_overflow_paths, fedhas_altar_2,
          minmay_temple_entry_waves, ebering_dispersal_statue_hall,
          minmay_manual_macuahuitl
D:8:      layout_rooms, nicolae_ossuary_entry_catacombs, serial_shops, shop
D:9:      layout_basic, minitemple, enter_bailey_5
D:10:     layout_long_grid, lair_entry_dummy, enter_trove_1,
          lightli_church_of_beogh, uniq_erica

Skill      XL: |  1  2  3  4  5  6  7  8  9 10 |
---------------+-------------------------------+-----
Shields        | 4 5 6 7 8 9 |  9.3
Armour         | 4 5 6 7 8 |  8.5
Fighting       | 4 5 6 7 8 |  8.4
Staves         | 3 4 |  4.9
Polearms       | 2 5 7 |  7.5
Invocations    | |  0.8

Action                   |  1- 3 |  4- 6 |  7- 9 | 10-12 || total
-------------------------+-------+-------+-------+-------++-------
Melee: Quarterstaff      |    75 |   156 |   167 |    48 ||   446
       Spear             |       |       |   297 |   152 ||   449
 Abil: Dig               |       |       |       |     1 ||     1
Evoke: Wand              |       |       |     3 |     4 ||     7
  Use: Scroll            |     1 |     4 |    10 |     3 ||    18
       Potion            |       |     1 |     6 |     3 ||    10
 Stab: Paralysed         |       |       |       |     5 ||     5
Armor: Scale mail        |    27 |    59 |   120 |    57 ||   263
       Skin              |       |       |     1 |       ||     1
Dodge: Dodged            |    35 |    61 |   163 |   106 ||   365
Block: Buckler           |    18 |    29 |    73 |    71 ||   191
